 Dungeon Crawl Stone Soup version 0.19-a0-1498-g0b85ae9 (webtiles) character file.

2554 Krapule the Basher (level 9, -3/100 HPs)
             Began as an Ogre Berserker on Sept 10, 2016.
             Was an Elder of Trog.
             Slain by Menkaure (18 damage)
             ... on level 7 of the Dungeon.
             The game lasted 00:27:19 (7147 turns).

Krapule the Basher (Ogre Berserker)                 Turns: 7147, Time: 00:27:20

Health: -3/100     AC:  5    Str: 24    XL:     9   Next: 56%
Magic:  9/9        EV: 13    Int:  8    God:    Trog [****..]
Gold:   288        SH:  0    Dex: 12    Spells: 0 memorised, 8 levels left

rFire  . . .     SeeInvis .     k - +1 flail (curse)
rCold  + + .     Gourm    .     p - +1 animal skin
rNeg   . . .     Faith    .     (no shield)
rPois  +         Spirit   .     (helmet restricted)
rElec  .         Dismiss  .     d - +0 cloak of the Equinox {rPois rC++ Stlth+}
rCorr  .         Reflect  .     (gloves unavailable)
MR     ++...     Harm     .     (boots unavailable)
Stlth  ++........               (no amulet)
                                (no ring)
                                B - +2 ring of intelligence

@: exhausted, starving, regenerating, slowed, very slow
A: unfitting armour, tough skin 1
a: Berserk, Trog's Hand, Brothers in Arms, Burn Spellbooks, Renounce Religion


You were on level 7 of the Dungeon.
You worshipped Trog.
Trog was greatly pleased with you.
You were starving.

You visited 1 branch of the dungeon, and saw 7 of its levels.
You also visited: Ossuary.

You collected 288 gold pieces.

Inventory:

Hand Weapons
 b - a +0 blowgun
 k - a cursed +1 flail (weapon)
 y - a +0 giant spiked club
 A - a +0 mace of holy wrath
 J - a +3 morningstar
Missiles
 i - 8 javelins (quivered)
 q - 58 poisoned needles
Armour
 d - the +0 cloak of the Equinox (worn) {rPois rC++ Stlth+}
   (You found it on level 4 of the Dungeon)

   It greatly protects you from cold.
   It protects you from poison.
   It makes you more stealthy.
 p - a +1 animal skin (worn)
Jewellery
 B - a +2 ring of intelligence (left hand)
Wands
 o - a wand of acid (6/15)
 K - a wand of confusion (6/48)
Scrolls
 h - 2 scrolls of remove curse
 v - 2 scrolls of recharging {unknown}
 w - a scroll of amnesia {unknown}
 z - a scroll of magic mapping {unknown}
 E - a scroll of fog {unknown}
 F - a scroll of identify
 H - a scroll of immolation {unknown}
Potions
 a - 2 potions of brilliance {unknown}
 e - 2 potions of agility
 f - a potion of flight
 j - a potion of haste
 l - 4 potions of curing
 m - 2 potions of invisibility {unknown}
 n - 2 potions of cure mutation {unknown}
 r - 2 potions of lignification {unknown}
 s - a potion of resistance {unknown}
 t - a potion of magic
 u - 3 potions of mutation
Books
 g - a book of Spatial Translocations

   Spells                             Type                      Level
   a - Apportation                    Translocation                1
   b - Blink                          Translocation                2
   c - Shroud of Golubria             Charms/Translocation         2
   d - Portal Projectile              Translocation                3
   e - Teleport Other                 Translocation                3
   f - Passage of Golubria            Translocation                4
   Trog disapproves of the use of such an item.
 I - a Necronomicon

   Spells                             Type                      Level
   a - Haunt                          Necromancy/Summoning         7
   b - Borgnjor's Revivification      Necromancy                   8
   c - Death's Door                   Charms/Necromancy            8
   d - Infestation                    Necromancy                   8
   e - Necromutation                  Transmutation/Necromancy     8
   Trog disapproves of the use of such an item.
Comestibles
 c - 4 bread rations
 x - a meat ration
 C - 3 fruits
 D - a royal jelly
 G - 5 chunks of flesh


   Skills:
 + Level 9.6 Fighting
 + Level 9.7 Maces & Flails
 + Level 4.8 Throwing
 + Level 6.6 Dodging


You had 8 spell levels left.
You didn't know any spells.

Dungeon Overview and Level Annotations

Branches:
Dungeon (7/15)             Temple (0/1) D:6

Altars:
Hepliaklqana
Kikubaaqudgha
Makhleb
Nemelex Xobeh
Sif Muna
Trog
Vehumet
Xom

Shops:
D:6 %(!(

Annotations:
D:7 Menkaure


Innate Abilities, Weirdness & Mutations

You are too large for most types of armour.
You have tough skin. (AC +1)


Message History

Menkaure seems to speed up.
Menkaure calls on the powers of darkness!
Your body is wracked with pain!
Menkaure hits you!!
* * * LOW HITPOINT WARNING * * *
Menkaure calls on the powers of darkness!
Your body is wracked with pain!
* * * LOW HITPOINT WARNING * * *
Okay, then.
Okay, then.
Menkaure barely misses you. Menkaure hits you.
* * * LOW HITPOINT WARNING * * *
Your skin crawls.
You feel resistant to hostile enchantments.
You are starving!
Menkaure closely misses you. Menkaure hits you.
* * * LOW HITPOINT WARNING * * *
Menkaure hits you!!
You die...

### #.# ##.###
#<...# ##.###
#.# #@# #M# #.#
### #.# #.#
##.###.########
#......#......#
######.#†.....#
#.#......#
#.#......#


You could see Menkaure.

Vanquished Creatures
  Grinder (D:3)
  The ghost of Multipenetrator the Magician, an amateur DEWz (D:3)
  2 wraiths (Ossuary)
  An ice beast (D:6)
  A sky beast (D:6)
  2 centaurs (D:5)
  An ogre (D:4)
  3 giant frogs
  4 killer bees (D:7)
  5 wights (Ossuary)
  6 crimson imps (D:5)
  An orc wizard (D:4)
  2 hounds
  A jelly (D:5)
  An orc priest (D:3)
  A gnoll shaman (D:7)
  A centaur skeleton (D:4)
  Natasha (thrice) (D:3)
  An iguana (D:5)
  3 worker ants
  A hound zombie (D:6)
  A mummy (D:4)
  8 adders
  7 gnolls
  An ooze (D:2)
  7 worms
  4 dart slugs
  7 giant geckos
  11 orcs
  4 bats
  5 giant cockroaches
  15 goblins
  9 hobgoblins
  9 jackals
  13 kobolds
  2 quokkas
  A ball python (D:2)
  A ball python skeleton (Ossuary)
  5 giant newts
  A hobgoblin zombie (D:4)
  2 jackal skeletons
  2 kobold zombies
  2 orc skeletons (Ossuary)
  2 orc zombies (Ossuary)
  7 rats
168 creatures vanquished.

Notes
Turn   | Place    | Note
-------+----------+-------------------------------------------
     0 | D:1      | Krapule the Ogre Berserker began the quest for the Orb.
     0 | D:1      | Reached XP level 1. HP: 24/24 MP: 1/1
   104 | D:1      | Reached XP level 2. HP: 12/32 MP: 2/2
   644 | D:1      | Reached XP level 3. HP: 37/40 MP: 3/3
  1009 | D:2      | Found a bloodstained altar of Trog.
  1042 | D:2      | Reached ** piety under Trog
  1183 | D:2      | Reached XP level 4. HP: 35/49 MP: 4/4
  1247 | D:2      | Reached skill level 5 in Fighting
  1506 | D:2      | Reached skill level 5 in Maces & Flails
  1609 | D:2      | Found an ancient bone altar of Kikubaaqudgha.
  2042 | D:2      | Reached XP level 5. HP: 57/57 MP: 5/5
  2119 | D:3      | Noticed Multipenetrator's ghost (amateur DEWz)
  2519 | D:3      | Killed Multipenetrator's ghost
  2519 | D:3      | Reached *** piety under Trog
  2519 | D:3      | Reached XP level 6. HP: 67/67 MP: 6/6
  2620 | D:3      | Found a deep blue altar of Sif Muna.
  2702 | D:3      | Noticed Natasha
  2718 | D:3      | Killed Natasha
  2941 | D:3      | Noticed Natasha
  2954 | D:3      | Killed Natasha
  3086 | D:3      | Noticed Grinder
  3098 | D:3      | Killed Grinder
  3098 | D:3      | Reached XP level 7. HP: 78/78 MP: 7/7
  3127 | D:3      | Noticed Natasha
  3148 | D:3      | Killed Natasha
  3450 | D:3      | Found a sparkling altar of Nemelex Xobeh.
  3920 | D:4      | Got a distressingly furry cloak
  3926 | D:4      | Identified the cursed +0 cloak of the Equinox {rPois rC++ Stlth+} (You found it on level 4 of the Dungeon)
  4004 | D:4      | Reached skill level 1 in Throwing
  4004 | D:4      | Reached skill level 5 in Dodging
  4481 | D:4      | Found a sand-covered staircase.
  4489 | Ossuary  | Entered an ossuary
  4572 | Ossuary  | Reached XP level 8. HP: 85/87 MP: 8/8
  4623 | Ossuary  | Noticed a flying skull
  4623 | Ossuary  | Noticed a wraith
  4631 | Ossuary  | Noticed a flying skull
  4646 | Ossuary  | Reached **** piety under Trog
  4748 | Ossuary  | Noticed a flying skull
  4753 | Ossuary  | Noticed a flying skull
  4762 | Ossuary  | Noticed a flying skull
  4779 | Ossuary  | Noticed a wraith
  4787 | Ossuary  | Killed a wraith
  5041 | Ossuary  | Noticed a wraith
  5052 | Ossuary  | Killed a wraith
  5470 | D:5      | Entered Level 5 of the Dungeon
  5806 | D:5      | Reached XP level 9. HP: 47/97 MP: 9/9
  5877 | D:5      | Found a shimmering altar of Xom.
  6399 | D:6      | Found Beotacej's Antique Weapon Emporium.
  6400 | D:6      | Found Gattis's Weapon Emporium.
  6407 | D:6      | Found Binaif's Food Emporium.
  6411 | D:6      | Found Kasuxt's Distillery.
  6471 | D:6      | Found a bloodstained altar of Trog.
  6604 | D:6      | Found a hazy altar of Hepliaklqana.
  6604 | D:6      | Found a radiant altar of Vehumet.
  6657 | D:6      | Found a burning altar of Makhleb.
  6814 | D:6      | Found a staircase to the Ecumenical Temple.
  6958 | D:7      | Noticed Menkaure
  7147 | D:7      | Slain by Menkaure

Vault maps used:
D:1:      dpeg_arrival_three_bigger_balls, hangedman_decor_points,
          minmay_tromino_mix6
D:2:      lemuel_crystal_altar, trog_hazing_becter
D:3:      led_sif_book, nemelex_xobeh_ov_fountains_minmay, st_stairs_13,
          uniq_natasha, uniq_grinder
D:4:      nicolae_ossuary_entry_giza
D:5:      first_bread, led_xom_imps
D:6:      lemuel_crystal_altar, lemuel_crystal_altar,
          gammafunk_temple_overflow_elements, minmay_shop_grid_forest
D:7:      zin_purify, uniq_menkaure
Ossuary:  ossuary_due_cavern

Skill      XL: |  1  2  3  4  5  6  7  8  9 |
---------------+----------------------------+-----
Dodging        | 3 4 5 6 |  6.6
Fighting       | 5 6 7 8 9 |  9.6
Maces & Flails | 5 6 7 8 9 |  9.7
Throwing       | 2 3 4 |  4.8

Action                   |  1- 3 |  4- 6 |  7- 9 || total
-------------------------+-------+-------+-------++-------
Melee: Mace              |   118 |   183 |   179 ||   480
       Flail             |       |       |   161 ||   161
 Fire: Blowgun           |       |       |    21 ||    21
Invok: Berserk           |       |     2 |     5 ||     7
       Trog's Hand       |       |       |     3 ||     3
  Use: Scroll            |       |     4 |     8 ||    12
       Potion            |       |       |     1 ||     1
 Stab: Sleeping          |     1 |       |    15 ||    16
       Distracted        |       |       |     1 ||     1
  Eat: Chunk             |     1 |     5 |    14 ||    20
       Beef jerky        |       |     1 |       ||     1
       Meat ration       |       |       |     1 ||     1
Armor: Animal skin       |    42 |    21 |    64 ||   127
Dodge: Dodged            |    80 |    94 |   166 ||   340
